 Dungeon Crawl Stone Soup version 0.31-a0-265-gcf7e37af1d (webtiles) character file.

Game seed: 13801655708455122323

32 qw the Shooter (level 3, -3/29 HPs)
             Began as a Minotaur Hexslinger on July 13, 2023.
             Slain by Jessica
             ... wielding a +0 dagger
              (5 damage)
             ... on level 2 of the Dungeon.
             The game lasted 00:00:29 (1162 turns).

qw the Shooter (Minotaur Hexslinger)                Turns: 1162, Time: 00:00:29

Health: -3/29      AC:  2    Str: 12    XL:     3   Next: 10%
Magic:  3/3        EV: 12    Int: 10    God:
Gold:   113        SH:  5    Dex: 14    Spells: 3/4 levels left

rFire   . . .        Y - +1 sling
rCold   . . .        (no shield)
rNeg    . . .        c - +0 robe
rPois   .            (helmet restricted)
rElec   .            (no cloak)
rCorr   .            (no gloves)
SInv    .            (no boots)
Will    .....        g - amulet of reflection
Stlth   +            (no ring)
HPRegen 0.24/turn    (no ring)
MPRegen 0.08/turn

%: reflection
@: about to teleport
A: horns 2, retaliatory headbutt
a: no special abilities


You were on level 2 of the Dungeon.
You visited 1 branch of the dungeon, and saw 2 of its levels.

You collected 113 gold pieces.


Innate Abilities, Weirdness & Mutations

You have a pair of horns on your head.
You reflexively headbutt those who attack you in melee.


   Skills:
 - Level 2.0 Fighting
 + Level 3.6 Ranged Weapons
 - Level 2.1 Dodging
 - Level 1.0 Spellcasting
 - Level 2.0 Hexes


You had 3 spell levels left.
You knew the following spells:

 Your Spells              Type           Power      Damage    Failure   Level
a - Slow                  Hex            16%        N/A       16%         1

Your spell library contained the following spells:

 Spells                   Type           Power      Damage    Failure   Level
 Inner Flame              Hex/Fire       2%         N/A       56%         3
 Portal Projectile        Hex/Tloc       4%         N/A       56%         3
 Cause Fear               Hex            2%         N/A       83%         4

Inventory:

Hand Weapons
 Y - a +1 sling (weapon)
Armour
 c - a +0 robe (worn)
 f - a +0 leather armour
 h - a +0 ring mail
Jewellery
 g - an amulet of reflection (around neck)
Scrolls
 b - a scroll of enchant armour {unknown}
 e - a scroll of revelation {unknown}
 j - a scroll of identify
 l - a scroll of teleportation
Potions
 a - a potion of mutation {unknown}
 d - a potion of curing {unknown}
 i - 2 potions of heal wounds {unknown}
 k - a potion of enlightenment {unknown}

Dungeon Overview and Level Annotations

Branches:
Dungeon (2/15)

Altars:

Shops:
D:1 [![[(

Annotations:
D:2 Jessica


Message History

You can access your shopping list by pressing '$'.
You now have 113 gold pieces (gained 16).
There is a fountain of sparkling water here.
Found a flail.
Enter note:
Enter note:
Enter note:
Enter note:
Enter note:
Enter note: You see here a +0 flail.
l - 2 scrolls of teleportation (gained 1) Jessica the Apprentice Sorceress comes into view.
She is wielding a +0 dagger.
Found a dagger.
Jessica shouts!
Jessica casts a spell.
Jessica seems to speed up.
Enter note:
Enter note:
Enter note:
Enter note:
Enter note:
Enter note: You shoot a sling bullet.
The sling bullet hits Jessica.
Jessica is severely wounded.
You shoot a sling bullet. The sling bullet hits Jessica.
Jessica is almost dead.
Jessica closely misses you. Jessica casts a spell at you.
Pain shoots through your body!
You shoot a sling bullet.
The sling bullet hits Jessica but does no damage.
Jessica is almost dead.
Jessica gestures at you while chanting. Pain shoots through your body!
Jessica hits you with a +0 dagger.
1162 ||| READING 2 scrolls of teleportation.
As you read the scroll of teleportation, it crumbles to dust.
You feel strangely unstable. Jessica hits you with a +0 dagger.
You die...

# ##### ##. ## ...# # #.#
#. # #.### ..... #. #.... #
#.#. #.###.### #.##.. #
#.....# #.)@.#
#.#####.##### ##### #@#
.............#
#...######.#...............
#............##.#####.###.#
#...######.### #.# #.#
##.## #.# #.# #.# #.# #.#
#<# #.# #.# #.. #.# #.# #.#
#.. #.###.# ##.## ####
#......


You could see Jessica (fast).

Vanquished Creatures
  A dart slug (D:2)
  4 endoplasms
  2 giant cockroaches (D:1)
  5 goblins
  4 hobgoblins
  A kobold (D:2)
  2 quokkas (D:1)
  4 ball pythons (D:1)
  A frilled lizard (D:2)
  2 rats
26 creatures vanquished.

Notes
Turn   | Place    | Note
-------+----------+-------------------------------------------
     0 | D:1      | qw the Minotaur Hexslinger began the quest for the Orb.
     0 | D:1      | Reached XP level 1. HP: 16/16 MP: 1/1
     0 | D:1      | 0 ||| qw: Version: 0.3-a-52-g30416fa
     0 | D:1      | 0 ||| qw: Game counter: 7651
     0 | D:1      | 0 ||| qw: Melee chars always use a shield: true
     0 | D:1      | 0 ||| qw: God list: Okawaru
     0 | D:1      | 0 ||| qw: Allow faded altars: false
     0 | D:1      | 0 ||| qw: Do Orc after clearing Dungeon:15 true
     0 | D:1      | 0 ||| qw: Do second Lair branch before Depths: true
     0 | D:1      | 0 ||| qw: Lair rune preference: random
     0 | D:1      | 0 ||| qw: Goals: Normal
     0 | D:1      | 0 ||| PLANNING D:1-11
    27 | D:1      | Found Wucwan's Distillery.
    46 | D:1      | 46 ||| SHOPLISTING 2 potions of enlightenment (140 gold,
                  | have 2).
    46 | D:1      | 46 ||| SHOPLISTING potion of curing (42 gold, have 2).
    46 | D:1      | 46 ||| SHOPLISTING potion of enlightenment (70 gold, have
                  | 2).
    46 | D:1      | 46 ||| SHOPLISTING potion of haste (140 gold, have 2).
    46 | D:1      | 46 ||| SHOPLISTING potion of heal wounds (70 gold, have 2).
    46 | D:1      | 46 ||| SHOPLISTING potion of mutation (112 gold, have 2).
    56 | D:1      | Found Ationiz's Antique Armour Shoppe.
    59 | D:1      | 59 ||| SHOPLISTING leather armour (54 gold, have 2).
    59 | D:1      | 59 ||| SHOPLISTING opalescent robe (153 gold, have 2).
    59 | D:1      | 59 ||| SHOPLISTING pair of gloves (121 gold, have 2).
    59 | D:1      | 59 ||| SHOPLISTING runed leather armour (135 gold, have 2).
   115 | D:1      | Found a faded altar of an unknown god.
   186 | D:1      | Reached skill level 3 in Ranged Weapons
   207 | D:1      | Reached XP level 2. HP: 20/23 MP: 2/2
   312 | D:1      | Found Areorchy's Weapon Emporium.
   385 | D:1      | Found Nuckonli's Antique Armour Shoppe.
   391 | D:1      | 391 ||| SHOPLISTING dyed leather armour (85 gold, have 13).
   391 | D:1      | 391 ||| SHOPLISTING embroidered scarf (136 gold, have 13).
   391 | D:1      | 391 ||| SHOPLISTING pair of boots (76 gold, have 13).
   391 | D:1      | 391 ||| SHOPLISTING pair of gloves (76 gold, have 13).
   391 | D:1      | 391 ||| SHOPLISTING ring mail (68 gold, have 13).
   398 | D:1      | Found Cygusu's Antique Armour Shoppe.
   414 | D:1      | 414 ||| SHOPLISTING brightly glowing ring mail (252 gold,
                  | have 13).
   414 | D:1      | 414 ||| SHOPLISTING leather armour (56 gold, have 13).
   414 | D:1      | 414 ||| SHOPLISTING pair of boots (126 gold, have 13).
   414 | D:1      | 414 ||| SHOPLISTING runed leather armour (140 gold, have
                  | 13).
   557 | D:1      | 557 ||| UPGRADING to amulet of reflection.
   562 | D:1      | 562 ||| DROPPING ring of flight.
   563 | D:1      | 563 ||| READING 3 scrolls labelled DUATRO EPUA.
   564 | D:1      | 564 ||| READING scroll labelled YTELE SOCRUO.
   568 | D:1      | 568 ||| READING scroll labelled ZOOGGU LYXU.
   569 | D:1      | 569 ||| READING scroll labelled RIHYLECRISM.
   570 | D:1      | 570 ||| DROPPING 2 scrolls of immolation.
   571 | D:1      | 571 ||| DROPPING scroll of poison.
   873 | D:2      | 873 ||| FLEEEEING.
   874 | D:2      | 874 ||| FLEEEEING.
   875 | D:2      | 875 ||| FLEEEEING.
   884 | D:2      | Reached XP level 3. HP: 25/29 MP: 3/3
  1158 | D:2      | Noticed Jessica
  1161 | D:2      | HP: 4/29 [Jessica/nerve-wracking pain (14)]
  1162 | D:2      | 1162 ||| READING 2 scrolls of teleportation.
  1162 | D:2      | Slain by Jessica

Levels and vault maps discovered:
D:1:      psy_arrival_dodecagon, layout_rooms, dreamdust_ecumenical_altar_grove,
          serial_shops, nicolae_diamond_shop, shop, shop, shop, shop,
          minmay_misc_feat_chi
D:2:      layout_loops_ring, grunt_decor_mini_mirrors,
          minmay_fractal_squares_gapless_5, uniq_jessica

Skill      XL: |  1  2 |
---------------+-------+-----
Ranged Weapons | 3 |  3.6
Fighting       | 2 |  2.0
Dodging        | |  2.1
Spellcasting   | |  1.0
Hexes          | |  2.0

Action                     || total
---------------------------++-------
   Fire: Sling             ||    83
    Use: Scroll            ||     5
 Armour: Robe              ||     3
  Dodge: Dodged            ||    21
  Block: Other             ||     2

Table legend:
 A = Non-vault XP
 B = Vault XP
 C = Vault XP percentage of total XP
 D = Non-vault monster count
 E = Vault monster count
 F = Vault count percentage of total count
                 A         B        C        D         E       F
            +---------+---------+-------+---------+---------+-------
      Total |      37 |      10 |  21.3 |      21 |       5 |  19.2
            +---------+---------+-------+---------+---------+-------
        D:1 |      27 |       0 |   0.0 |      16 |       0 |   0.0
        D:2 |      10 |      10 |  50.0 |       5 |       5 |  50.0
            +---------+---------+-------+---------+---------+-------
